 Dungeon Crawl Stone Soup version 0.28.0-53-g5a82cb258f (webtiles) character file.

Game seed: 5833757961027924204

4 bnorton916 the Firebug (level 1, -3/10 HPs)
             Began as a Deep Elf Fire Elementalist on July 14, 2022.
             Slain by a quokka (4 damage)
             ... on level 1 of the Dungeon.
             The game lasted 00:00:19 (188 turns).

bnorton916 the Firebug (Deep Elf Fire Elementalist)  Turns: 188, Time: 00:00:20

Health: -3/10      AC:  2    Str:  5    XL:     1   Next: 50%
Magic:  3/6        EV: 12    Int: 19    God:
Gold:   0          SH:  0    Dex: 15    Spells: 5/6 levels left

rFire   . . .      SeeInvis .   (no weapon)
rCold   . . .      Faith    .   (no shield)
rNeg    . . .      Spirit   .   a - +0 robe
rPois   .          Reflect  .   (no helmet)
rElec   .          Harm     .   (no cloak)
rCorr   .          Rampage  .   (no gloves)
Will    .....                   (no boots)
Stlth   ++........              (no amulet)
HPRegen 0.03/turn               (no ring)
MPRegen 0.10/turn               (no ring)

@: no status effects
A: no striking features
a: no special abilities


You were on level 1 of the Dungeon.
You visited 1 branch of the dungeon, and saw 1 of its levels.

Inventory:

Missiles
 c - a stone
Armour
 a - a +0 robe (worn)
Scrolls
 b - 2 scrolls of teleportation {unknown}
Potions
 d - a potion of heal wounds {unknown}
 e - a potion of haste {unknown}


   Skills:
 - Level 2.4 Dodging
 - Level 2.4 Stealth
 + Level 3.1 Spellcasting
 + Level 1.3 Conjurations
 + Level 3.4 Fire Magic


You had 5 spell levels left.
You knew the following spells:

 Your Spells              Type           Power      Damage    Failure   Level
a - Foxfire               Conj/Fire      48%        2x1d6     6%          1

Your spell library contained the following spells:

 Spells                   Type           Power      Damage    Failure   Level
 Scorch                   Fire           32%        2d7       5%          2
 Conjure Flame            Conj/Fire      12%        6-21      17%         3
 Inner Flame              Hex/Fire       9%         N/A       22%         3
 Flame Wave               Conj/Fire      12%        2d6       50%         4


Dungeon Overview and Level Annotations

Branches:
Dungeon (1/15)

Altars:


Message History

Confirm with . or Enter, or press ? or * to list all spells.
You don't have enough magic to cast this spell.
Your foxfire dissipates!
The foxfire hits the quokka but does no damage.
Casting: Foxfire (safe; 6% risk of failure)
Confirm with . or Enter, or press ? or * to list all spells.
You don't have enough magic to cast this spell.
Casting: Foxfire (safe; 6% risk of failure)
Confirm with . or Enter, or press ? or * to list all spells.
You don't have enough magic to cast this spell.
Casting: Foxfire (safe; 6% risk of failure)
Confirm with . or Enter, or press ? or * to list all spells.
You don't have enough magic to cast this spell.
The quokka closely misses you. The quokka bites you.
The quokka bites you but does no damage.
You open the door. The quokka closely misses you. The quokka misses you.
The quokka bites you. The quokka closely misses you.
The quokka barely misses you.
A quokka comes into view.
A frilled lizard and a hobgoblin come into view.
Found 14 gold pieces.
The quokka bites you.
Ouch! That really hurt!
* * * LOW HITPOINT WARNING * * *
The quokka barely misses you. The quokka closely misses you.
Found 12 gold pieces.
The quokka barely misses you.
Casting: Foxfire (safe; 6% risk of failure)
Confirm with . or Enter, or press ? or * to list all spells.
You conjure some foxfire!
The quokka bites you but does no damage.
The quokka barely misses you.
The foxfire hits the quokka but does no damage.
The foxfire hits the quokka.
The quokka is lightly wounded.
The quokka barely misses you. The quokka bites you.
You die...

....##...#.########
....##.............
#.#......#.########
.#####..#.#
....##..#.#
........#.###
....##......# #. ..$
#rr#...# ###. ..
#.@....# #... .
##ยง....#### #.#.
#.........## #.#.
##.###........# #.#.
.. #.......## #.#. #..
#...#...##### #.#. #..
#.....#.....###.#.
#..##.....#.###)##..#.
+...#.###.#.###.##..#.


You could see 2 quokkas.

Vanquished Creatures
  A giant cockroach (D:1)
  A goblin (D:1)
  A ball python (D:1)
  A kobold (D:1)
4 creatures vanquished.

Vanquished Creatures (others)
  22 foxfires (D:1)
22 creatures vanquished.

Grand Total: 26 creatures vanquished

Notes
Turn   | Place    | Note
-------+----------+-------------------------------------------
     0 | D:1      | bnorton916 the Deep Elf Fire Elementalist began the quest
                  | for the Orb.
     0 | D:1      | Reached XP level 1. HP: 10/10 MP: 6/6
   188 | D:1      | Slain by a quokka

Illustrated notes

Levels and vault maps discovered:
D:1:      minmay_arrival_semitransparent, layout_basic, minmay_surrounded

Action                   || total
-------------------------++-------
 Cast: Foxfire           ||    17
Armor: Robe              ||     2
Dodge: Dodged            ||    10
